 Dungeon Crawl Stone Soup version 0.25.1-8-g42b30a86e7 (webtiles) character file.

Game seed: 11173315712340718129

74 Gabide the Skirmisher (level 4, -1/35 HPs)
             Began as a Human Abyssal Knight on Dec 4, 2020.
             Was a Believer of Lugonu.
             Slain by a gnoll
             ... wielding a +0 flail
              (2 damage)
             ... on level 2 of the Dungeon.
             The game lasted 00:03:36 (2541 turns).

Gabide the Skirmisher (Human Abyssal Knight)        Turns: 2541, Time: 00:03:36

Health: -1/35      AC: 10    Str: 14    XL:     4   Next: 52%
Magic:  6/6        EV:  9    Int: 12    God:    Lugonu [**....]
Gold:   57         SH:  0    Dex: 12    Spells: 3/3 levels left

rFire    . . .     SeeInvis .   a - +1 spear
rCold    . . .     Gourm    .   (no shield)
rNeg     . . .     Faith    .   h - +0 scale mail
rPois    .         Spirit   .   (no helmet)
rElec    .         Reflect  .   (no cloak)
rCorr    .         Harm     .   (no gloves)
MR       .....                  (no boots)
Stlth    ..........             (no amulet)
HPRegen  0.11/turn              e - +4 ring of protection
MPRegen  0.10/turn              (no ring)

@: no status effects
A: no striking features
a: Depart the Abyss, Bend Space, Renounce Religion


You were on level 2 of the Dungeon.
You worshipped Lugonu.
Lugonu was pleased with you.
You were not hungry.

You visited 1 branch of the dungeon, and saw 3 of its levels.
You visited the Abyss 1 time.

You collected 57 gold pieces.

Inventory:

Hand Weapons
 a - a +1 spear (weapon)
Armour
 g - a +0 ring mail
 h - a +0 scale mail (worn)
Jewellery
 e - a +4 ring of protection (left hand)
Potions
 d - a potion of heal wounds {unknown}
 j - a potion of resistance {unknown}
Comestibles
 c - 2 rations


   Skills:
 + Level 3.5 Fighting
 + Level 3.0 Polearms
 + Level 2.4 Armour
 + Level 1.2 Dodging
 * Level 2.8 Invocations


You had 3 spell levels left.
You didn't know any spells.
Your spell library was empty.

Dungeon Overview and Level Annotations

Branches:
Dungeon (3/15)

Altars:
Ashenzari
Elyvilon

Annotations:
D:3 1 runed translucent door, Cazemata's ghost, amateur MiBe


Message History

The gnoll barely misses you.
You closely miss the gnoll.
The gnoll is almost dead.
The gnoll hits you.
* * * LOW HITPOINT WARNING * * *
You hit the gnoll.
You kill the gnoll!
Lugonu accepts your kill.
Your Polearms skill increases to level 3!
You hit the gnoll.
The gnoll is moderately wounded.
The gnoll hits you with a +0 flail!
* * * LOW HITPOINT WARNING * * *
You hit the gnoll.
The gnoll is heavily wounded.
Okay, then.
You hit the gnoll.
The gnoll is heavily wounded.
The gnoll hits you with a +0 flail.
You die...

.#
#.##.#...........#
.####
#..#.#.########..#
....# ##.#.#.# #..#
#.#.###### #...#.#
#..# #.#......#
##..#.# #..#
#.#.####.# #..#.#
#..# ..#.# #.#
##.#.# #..# #####
#.# #.#.# #..# #.#
#@#.# #..# #.# #g#.#
#..# #.#
#####>#.########..#
#.#
#.................#
#.#
#.####.##########.##
#.#
#..................#
#.#
#######.############
### #.# #.# .<# #.#
#.#


You could see a gnoll.

Vanquished Creatures
  A gnoll (D:2)
  An ooze (D:3)
  A worm (D:2)
  8 bats
  3 giant cockroaches
  8 goblins
  6 hobgoblins
  9 jackals
  4 kobolds
  A ball python (D:2)
  A frilled lizard (D:1)
  9 rats
52 creatures vanquished.

Notes
Turn   | Place    | Note
-------+----------+-------------------------------------------
     0 | Abyss:1  | Gabide the Human Abyssal Knight began the quest for the
                  | Orb.
     0 | Abyss:1  | Reached XP level 1. HP: 18/18 MP: 2/2
    71 | Abyss:1  | Noticed an iron imp
    73 | Abyss:1  | Noticed a hell hound
    75 | D:1      | Escaped the Abyss
   323 | D:1      | Reached XP level 2. HP: 15/24 MP: 3/3
   525 | D:1      | Reached * piety under Lugonu
   702 | D:1      | Reached XP level 3. HP: 29/29 MP: 4/4
  1075 | D:2      | Found a shattered altar of Ashenzari.
  1273 | D:2      | Found a white marble altar of Elyvilon.
  1563 | D:2      | Reached XP level 4. HP: 35/35 MP: 5/5
  1583 | D:2      | Reached ** piety under Lugonu
  2029 | D:3      | Found a runed translucent door.
  2035 | D:3      | Noticed Cazemata's ghost (amateur MiBe)
  2539 | D:2      | HP: 1/35 [gnoll/+0 flail (9)]
  2541 | D:2      | Slain by a gnoll

Illustrated notes

Levels and vault maps discovered:
D:1:      dpeg_arrival_windows_large_door, layout_basic
D:2:      layout_basic, nicolae_overflow_crystal_walls, first_ration,
          evilmike_ruin_ashenzari
D:3:      layout_rooms, ebering_ghost_sewer_f, gup_sewer_entry_spiral

Skill      XL: |  1  2  3  4 |
---------------+-------------+-----
Polearms       | 3 |  3.0
Fighting       | |  3.5
Armour         | |  2.4
Dodging        | |  1.2
Invocations    | |  2.8

Action                   |  1- 3 |  4- 6 || total
-------------------------+-------+-------++-------
Melee: Spear             |   165 |    64 ||   229
Invok: Depart the Abyss  |     1 |       ||     1
       Bend Space        |       |     1 ||     1
  Use: Scroll            |     3 |     3 ||     6
  Eat: Chunk             |     2 |     1 ||     3
       Ration            |       |     1 ||     1
Armor: Leather armour    |     8 |       ||     8
       Ring mail         |     7 |       ||     7
       Scale mail        |    25 |    35 ||    60
Dodge: Dodged            |    73 |    44 ||   117
